 Dungeon Crawl Stone Soup version 0.23.2-33-g5129a83 (webtiles) character file.

Game seed: 3679260402527832185

109 technought the Slasher (level 4, -3/34 HPs)
             Began as a Demonspawn Gladiator on Aug 6, 2019.
             Slain by an orc wizard
             ... wielding a +0 dagger
              (4 damage)
             ... on level 3 of the Dungeon.
             The game lasted 00:04:49 (1875 turns).

technought the Slasher (Demonspawn Gladiator)       Turns: 1875, Time: 00:04:51

Health: -3/34      AC:  5    Str: 16    XL:     4   Next: 59%
Magic:  4/4        EV: 13    Int:  9    God:
Gold:   103        SH:  0    Dex: 14    Spells: 3/3 levels left

rFire    . . .     SeeInvis .   a - +1 long sword
rCold    + . .     Gourm    .   (no shield)
rNeg     . . .     Faith    .   b - +0 leather armour
rPois    .         Spirit   .   c - +0 helmet
rElec    .         Reflect  .   (no cloak)
rCorr    .         Harm     .   (no gloves)
MR       .....                  e - +0 pair of boots
Stlth    +.........             (no amulet)
HPRegen  0.11/turn              (no ring)
MPRegen  0.09/turn              (no ring)

@: no status effects
A: cold resistance 1
a: no special abilities


You were on level 3 of the Dungeon.
You were not hungry.

You visited 1 branch of the dungeon, and saw 3 of its levels.

You collected 103 gold pieces.

Inventory:

Hand Weapons
 a - a +1 long sword (weapon)
 g - a +1 short sword of venom
Missiles
 d - 3 throwing nets (quivered)
Armour
 b - a +0 leather armour (worn)
 c - a +0 helmet (worn)
 e - a +0 pair of boots (worn)
Scrolls
 h - 2 scrolls of remove curse
 i - a scroll of teleportation
 j - a scroll of fog
 k - a scroll of immolation {unknown}
Comestibles
 f - 5 rations


   Skills:
 + Level 2.8 Fighting
 + Level 3.9 Long Blades
 + Level 2.1 Throwing
 + Level 0.1 Armour
 * Level 3.2 Dodging


You had 3 spell levels left.
You didn't know any spells.
Your spell library was empty.

Dungeon Overview and Level Annotations

Branches:
Dungeon (3/15)

Altars:


Innate Abilities, Weirdness & Mutations

Your flesh is cold resistant. (rC+)


Message History

You feel less confused. Something hits you but does no damage.
You hit something but do no damage.
The orc priest hits you but does no damage.
Something hits you but does no damage.
You slash the orc priest!
The orc priest is heavily wounded.
The orc priest hits you but does no damage.
Something barely misses you.
You hit the orc priest.
The orc priest is severely wounded.
The orc priest looks encouraged for a moment.
Something hits you but does no damage. The orc priest barely misses you.
You hit the orc priest.
The orc priest is severely wounded.
Something hits you but does no damage.
The orc priest hits you with a +0 short sword.
* * * LOW HITPOINT WARNING * * *
Something hits you.
You die...

###+###.# #.....).####
#.......##.#
####........†.###
#.........###...#####.
+.............#)....#.##
#....####....##[....#..#
#....####....##.....#..#
#......@.....##.....##.#
#.....†(o..(............
#.....).....####.....).>
.............#
##....##)#
...###########
#....###.# ..
######..#.... .
###..........##
#....#######.#.
#.#..#### #.#.


You could see an orc priest.

Vanquished Creatures
  Jessica (D:3)
  3 adders
  A worm (D:2)
  A dart slug (D:1)
  A leopard gecko (D:2)
  2 orcs (D:3)
  6 bats
  A giant cockroach (D:1)
  2 goblins
  8 hobgoblins
  6 jackals (D:1)
  2 ball pythons
  2 frilled lizards
  2 kobolds
  15 rats
53 creatures vanquished.

Notes
Turn   | Place    | Note
-------+----------+-------------------------------------------
     0 | D:1      | technought the Demonspawn Gladiator began the quest for the
                  | Orb.
     0 | D:1      | Reached XP level 1. HP: 16/16 MP: 1/1
   127 | D:1      | Gained mutation: Your flesh is cold resistant. (rC+)
                  | [demonic ancestry]
   127 | D:1      | Reached XP level 2. HP: 21/22 MP: 2/2
  1096 | D:2      | Reached XP level 3. HP: 19/28 MP: 3/3
  1628 | D:3      | Noticed Jessica
  1640 | D:3      | Killed Jessica
  1640 | D:3      | Reached XP level 4. HP: 28/34 MP: 4/4
  1875 | D:3      | HP: 1/34 [orc priest/+0 short sword (4)]
  1875 | D:3      | Slain by an orc wizard

Skill      XL: |  1  2 |
---------------+-------+-----
Throwing       | 2 |  2.1
Dodging        | 3 |  3.2
Long Blades    | 3 |  3.9
Fighting       | |  2.8
Armour         | |  0.1

Action                   |  1- 3 |  4- 6 || total
-------------------------+-------+-------++-------
Melee: Long sword        |   118 |    33 ||   151
  Use: Scroll            |     2 |     2 ||     4
       Potion            |     2 |     2 ||     4
 Stab: Sleeping          |     1 |       ||     1
  Eat: Ration            |     1 |       ||     1
Armor: Leather armour    |    37 |     9 ||    46
Dodge: Dodged            |    94 |    27 ||   121
       Rpst.: Long sword |    39 |    10 ||    49
